 Dungeon Crawl Stone Soup version 0.24-a0-789-g35933f4585 (webtiles) character file.

Game seed: 1052001762331824889, levelgen mode: deterministic

5928 Gargoyl the Chopper (level 10, 0/85 (86) HPs)
             Began as a Centaur Abyssal Knight on Oct 10, 2019.
             Was a High Priest of Lugonu.
             Slain by a manticore (8 damage)
             ... on level 11 of the Dungeon.
             The game lasted 00:16:59 (10994 turns).

Gargoyl the Chopper (Centaur Abyssal Knight)       Turns: 10994, Time: 00:17:00

HP:   0/85 (86)     AC: 11    Str: 16    XL:     10   Next: 54%
MP:   11/15         EV: 10    Int:  6    God:    Lugonu [*****.]
Gold: 348           SH:  4    Dex: 13    Spells: 9/9 levels left

rFire    + . .     SeeInvis .   f - +3 war axe (chop)
rCold    . . .     Gourm    .   s - +0 buckler
rNeg     + . .     Faith    .   C - +0 ring mail {rF+}
rPois    +         Spirit   .   (no helmet)
rElec    .         Reflect  .   j - +0 cloak
rCorr    .         Harm     .   H - +2 pair of gloves
MR       .....                  (no barding)
Stlth    ..........             v - amulet of rage
HPRegen  0.24/turn              F - ring of Pantheism {rPois rN+ Int-5 Slay+3 Stlth-}
MPRegen  0.14/turn              p - +2 ring of dexterity

@: very quick
A: large, hooves 3, deformed body, speed 2, screaming 1, tough skin 3, wild
magic 2
a: Depart the Abyss, Bend Space, Banish, Corrupt, Enter the Abyss, Renounce
Religion, Evoke Berserk Rage


You were on level 11 of the Dungeon.
You worshipped Lugonu.
Lugonu was extremely pleased with you.
You were very hungry.

You visited 1 branch of the dungeon, and saw 11 of its levels.
You visited the Abyss 1 time.

You collected 758 gold pieces.
You spent 410 gold pieces at shops.

Inventory:

Hand Weapons
 a - a +1 hand axe
 f - a +3 war axe of chopping (weapon)
Missiles
 A - 7 boomerangs (quivered)
Armour
 j - a +0 cloak (worn)
 o - a +1 chain mail
 s - a +0 buckler (worn)
 C - a +0 ring mail of fire resistance (worn)
 H - a +2 pair of gloves (worn)
Jewellery
 b - an uncursed ring of flight
 d - an uncursed ring of ice {unknown}
 i - an uncursed ring of see invisible
 p - a +2 ring of dexterity (right hand)
 v - an amulet of rage (around neck)
 F - the ring of Pantheism (left hand) {rPois rN+ Int-5 Slay+3 Stlth-}
   (You bought it in a shop on level 7 of the Dungeon)

   [ring of attention]

   It affects your intelligence (-5).
   It affects your accuracy and damage with ranged weapons and melee attacks
   (+3).
   It protects you from poison.
   It protects you from negative energy.
   It makes you less stealthy.
Wands
 k - a wand of polymorph (6)
 n - a wand of digging (6)
 x - a wand of random effects (75)
 y - a wand of iceblast (23)
 J - a wand of enslavement (6)
 K - a wand of flame (30)
Scrolls
 e - 4 scrolls of remove curse
 h - 3 scrolls of identify
 q - 4 scrolls of teleportation
 r - a scroll of fear
 u - 3 scrolls of magic mapping
 G - a scroll of fog
Potions
 g - 4 potions of curing
 l - 5 potions of might
 m - a potion of resistance
 t - 2 potions of agility
 w - 4 potions of haste
 z - a potion of lignification
 D - a potion of flight
 E - a potion of magic {unknown}
 I - a potion of heal wounds
Comestibles
 c - 18 rations


   Skills:
 + Level 7.5 Fighting
 + Level 7.9 Axes
 + Level 0.7 Throwing
 * Level 5.8 Armour
 * Level 4.5 Dodging
 + Level 1.5 Shields
 * Level 6.8 Invocations
 + Level 0.7 Evocations


You had 9 spell levels left.
You didn't know any spells.
Your spell library contained the following spells:

 Spells                   Type           Power        Failure   Level  Hunger
 Apportation              Tloc           #.....       85%         1    ##.....
 Flame Tongue             Conj/Fire      #....        85%         1    ##.....
 Summon Butterflies       Summ           #.......     85%         1    ##.....
 Throw Flame              Conj/Fire      #.....       93%         2    ###....
 Conjure Flame            Conj/Fire      #.......     99%         3    ####...
 Inner Flame              Hex/Fire       #.......     99%         3    ####...
 Lesser Beckoning         Tloc           #.........   99%         3    ####...
 Tukima's Dance           Hex            #.......     99%         3    ####...
 Sticky Flame             Conj/Fire      #.......     100%        4    #####..
 Alistair's Intoxication  Tmut/Pois      #.......     100%        5    ######.
 Fireball                 Conj/Fire      #.........   100%        5    ######.
 Invisibility             Hex            #.......     100%        6    #######


Dungeon Overview and Level Annotations

Branches:
Dungeon (11/15)            Temple (0/1) D:6
   Lair: D:8-11         Orc: D:9-12

Altars:
Ashenzari
Cheibriados
Fedhas
Gozag
Kikubaaqudgha
Nemelex Xobeh
Uskayaw
Vehumet
Wu Jian

Shops:
D:5 *   D:7 =


Innate Abilities, Weirdness & Mutations

You have hooves in place of feet.
Armour fits poorly on your strangely shaped body.
You cover ground very quickly.
You have extremely tough skin. (AC +3)
You occasionally shout uncontrollably at your foes.
Your spells are harder to cast, but more powerful.


Message History

The manticore is heavily wounded.
You barely miss the soldier ant.
You carefully extract the barbed spikes from your body.
The soldier ant stings you. The manticore bites you!
The manticore claws you but does no damage. x2
You block the soldier ant's attack.
You slash the manticore! You kick the manticore.
The manticore is almost dead.
You barely miss the soldier ant. The manticore bites you!!
* * * LOW HITPOINT WARNING * * *
The manticore barely misses you. The manticore claws you.
* * * LOW HITPOINT WARNING * * *
The soldier ant stings you but does no damage.
Press: ? - help, Shift-Dir - straight line, f - four-headed hydra
Aim: a four-headed hydra (chance to defeat MR: 54%)
The four-headed hydra is devoured by a tear in reality.
Lugonu claims a new guest.
You feel somewhat more hungry. The manticore closely misses you. x2
The manticore claws you!
You die...

####### ..>..> .
.... #. #..# #..
#..#
#..#####..#######..
#.......a..........
##......H@....?.....
...........######...
.......<§..# .
........§§.#
...........#
...........#
.............
..............
....###########


You could see a manticore and a soldier ant.

Vanquished Creatures
  Snorg (D:10)
  A smoke demon (Abyss:3)
  A troll (D:9)
  A hippogriff (D:9)
  A wyvern (D:9)
  A hornet zombie (D:9)
  2 ice beasts
  An orc warrior (D:10)
  A black bear (D:9)
  A sky beast (D:10)
  3 phantoms (D:4)
  A necrophage (D:9)
  An eye of draining (D:8)
  7 ogres
  5 centaurs
  2 bullfrogs
  A water moccasin skeleton (D:5)
  3 scorpions
  6 crimson imps
  4 howler monkeys
  A bullfrog zombie (D:9)
  9 hounds
  3 jellies
  A bullfrog skeleton (D:8)
  4 orc priests
  4 iguanas
  Ijyb (D:4)
  Natasha (D:2)
  4 orc wizards
  4 worker ants
  A hound skeleton (D:9)
  20 gnolls
  10 adders
  A howler monkey skeleton (D:5)
  2 oozes
  4 worms
  2 dart slugs
  2 leopard geckos
  41 orcs
  A ball python (D:2)
  6 bats
  A giant cockroach (D:3)
  4 goblins
  9 hobgoblins
  2 jackals (D:6)
  4 quokkas
  6 frilled lizards
  2 jackal skeletons
  5 kobolds
  2 quokka zombies
  4 rats
205 creatures vanquished.

Notes
Turn   | Place    | Note
-------+----------+-------------------------------------------
     0 | Abyss:1  | Gargoyl the Centaur Abyssal Knight began the quest for the
                  | Orb.
     0 | Abyss:1  | Reached XP level 1. HP: 19/19 MP: 2/2
     1 | Abyss:1  | Found a corrupted altar of Lugonu.
    96 | Abyss:2  | Noticed an insubstantial wisp
   105 | Abyss:2  | Noticed a crimson imp
   116 | Abyss:2  | Noticed a starcursed mass
   118 | Abyss:2  | Noticed a large abomination
   153 | Abyss:3  | Noticed a smoke demon
   158 | Abyss:3  | Killed a smoke demon
   158 | Abyss:3  | Reached skill level 5 in Fighting
   158 | Abyss:3  | Reached XP level 2. HP: 29/29 MP: 4/4
   158 | Abyss:3  | Reached XP level 3. HP: 36/36 MP: 5/5
   158 | Abyss:3  | Reached XP level 4. HP: 42/42 MP: 6/6
   158 | Abyss:3  | Reached XP level 5. HP: 48/48 MP: 7/7
   158 | Abyss:3  | Reached XP level 6. HP: 56/56 MP: 8/8
   233 | Abyss:3  | Noticed a spatial maelstrom
   241 | Abyss:3  | Noticed a spatial vortex
   245 | Abyss:3  | Noticed a spatial vortex
   247 | Abyss:3  | Noticed a spatial vortex
   248 | D:1      | Escaped the Abyss
   462 | D:1      | Reached * piety under Lugonu
  1867 | D:2      | Noticed Natasha
  1873 | D:2      | Killed Natasha
  1873 | D:2      | Reached skill level 1 in Dodging
  2195 | D:3      | Found a sparkling altar of Nemelex Xobeh.
  2309 | D:3      | You fall into a shaft and drop 3 floors!
  2321 | D:6      | Reached XP level 7. HP: 25/61 MP: 9/9
  2612 | D:6      | Reached ** piety under Lugonu
  2960 | D:6      | Found a blossoming altar of Fedhas.
  2968 | D:6      | Found a staircase to the Ecumenical Temple.
  3159 | D:5      | Entered Level 5 of the Dungeon
  3405 | D:3      | Found an ancient bone altar of Kikubaaqudgha.
  3756 | D:3      | Reached XP level 8. HP: 64/70 MP: 11/11
  4064 | D:4      | Gained mutation: You occasionally shout uncontrollably at
                  | your foes. [potion of mutation]
  4064 | D:4      | Gained mutation: Your spells are a little harder to cast,
                  | but a little more powerful. [potion of mutation]
  4064 | D:4      | Gained mutation: Your spells are harder to cast, but more
                  | powerful. [potion of mutation]
  4405 | D:4      | Noticed Ijyb
  4415 | D:4      | Killed Ijyb
  4590 | D:4      | Reached *** piety under Lugonu
  4590 | D:4      | Reached skill level 5 in Axes
  4593 | D:4      | Found an opulent altar of Gozag.
  5328 | D:5      | Reached skill level 5 in Invocations
  5709 | D:5      | Found Atistosu's Assorted Antiques.
  5714 | D:5      | Bought a scroll of teleportation for 60 gold pieces
  6041 | D:5      | Found a hide-covered altar of Uskayaw.
  6399 | D:7      | Found Vizeefush's Jewellery Boutique.
  6402 | D:7      | Reached XP level 9. HP: 75/75 MP: 12/12
  6404 | D:7      | Bought the ring of Pantheism {rPois rN+ Int-5 Slay+3
                  | Stlth-} for 350 gold pieces
  6997 | D:7      | Found a radiant altar of Vehumet.
  7203 | D:8      | Reached **** piety under Lugonu
  7569 | D:8      | Found an ornate altar of the Wu Jian Council.
  8005 | D:8      | Found a shattered altar of Ashenzari.
  8676 | D:9      | Reached skill level 5 in Armour
  9208 | D:9      | Reached skill level 1 in Shields
  9250 | D:9      | Reached XP level 10. HP: 86/86 MP: 14/14
 10098 | D:10     | Entered Level 10 of the Dungeon
 10175 | D:10     | Reached ***** piety under Lugonu
 10291 | D:10     | Noticed Snorg
 10310 | D:10     | Killed Snorg
 10844 | D:10     | Found a snail-covered altar of Cheibriados.
 10982 | D:11     | Noticed a manticore
 10991 | D:11     | Noticed a four-headed hydra
 10994 | D:11     | Banished a four-headed hydra
 10994 | D:11     | Slain by a manticore

Levels and vault maps discovered:
D:1:      dpeg_arrival_three_same_balls, layout_basic,
          kennysheep_decorative_pillar
D:2:      layout_basic, first_ration, minmay_unequal, uniq_natasha
D:3:      layout_basic, nicolae_overflow_crystal_walls,
          kiku_gazebo_garden_becter
D:4:      layout_basic, marbit_many_paths, uniq_ijyb
D:5:      layout_basic, lemuel_round_altar, serial_shops,
          nicolae_shop_behind_doors
D:6:      minmay_spotlight, layout_basic, overflow_temple_1_default,
          minmay_temple_entry_tees
D:7:      layout_rooms, lemuel_crystal_altar, serial_shops, shop,
          grunt_ogre_cave, kennysheep_dice
D:8:      layout_layer_cave, nicolae_overflow_hidden_temple,
          cheibrodos_ashenzari_chains
D:9:      layout_basic
D:10:     layout_cave_pools, cheibriados_altar_1, uniq_snorg
D:11:     due_megacathedral, layout_small_grid, dpeg_lair_monsters, minivault_15

Skill      XL: |  1  2  3  4  5  6  7  8  9 |
---------------+----------------------------+-----
Fighting       | 5 6 7 |  7.5
Axes           | 2 3 4 5 7 |  7.9
Armour         | 2 3 4 5 |  5.8
Invocations    | 3 4 5 6 |  6.8
Dodging        | 1 2 3 4 |  4.5
Shields        | 1 |  1.5
Throwing       | |  0.7
Evocations     | |  0.7

Action                   |  1- 3 |  4- 6 |  7- 9 | 10-12 || total
-------------------------+-------+-------+-------+-------++-------
Melee: War axe           |       |    58 |   354 |    56 ||   468
       Hand axe          |       |    46 |       |       ||    46
       Kick              |       |    27 |    86 |    18 ||   131
Throw: Boomerang         |       |       |     1 |     5 ||     6
Invok: Depart the Abyss  |       |     1 |       |       ||     1
       Bend Space        |       |       |       |     1 ||     1
       Banish            |       |       |       |     1 ||     1
Evoke: Wand              |     3 |     1 |       |     3 ||     7
  Use: Potion            |     2 |       |     4 |       ||     6
       Scroll            |       |    10 |    17 |     1 ||    28
  Eat: Chunk             |       |     3 |    16 |     2 ||    21
       Ration            |       |       |       |     1 ||     1
Armor: Leather armour    |       |    34 |       |       ||    34
       Chain mail        |       |    29 |    81 |       ||   110
       Ring mail         |       |       |    59 |    32 ||    91
Dodge: Dodged            |       |    39 |   134 |    30 ||   203
Block: Buckler           |       |       |    48 |    13 ||    61

Table legend:
 A = Non-vault XP
 B = Vault XP
 C = Vault XP percentage of total XP
 D = Non-vault monster count
 E = Vault monster count
 F = Vault count percentage of total count
                 A         B        C        D         E       F
            +---------+---------+-------+---------+---------+-------
      Total |    6824 |    1645 |  19.4 |     193 |      13 |   6.3
            +---------+---------+-------+---------+---------+-------
        D:1 |      39 |       0 |   0.0 |      20 |       0 |   0.0
        D:2 |     100 |      37 |  27.0 |      17 |       2 |  10.5
        D:3 |      87 |       0 |   0.0 |      18 |       0 |   0.0
        D:4 |     695 |      39 |   5.3 |      26 |       2 |   7.1
        D:5 |     799 |       0 |   0.0 |      27 |       0 |   0.0
        D:6 |     428 |     107 |  20.0 |       9 |       5 |  35.7
        D:7 |     271 |     333 |  55.1 |       8 |       3 |  27.3
        D:8 |    1039 |       0 |   0.0 |      31 |       0 |   0.0
        D:9 |    1803 |       0 |   0.0 |      21 |       0 |   0.0
       D:10 |     484 |    1129 |  70.0 |      12 |       1 |   7.7
       D:11 |     662 |       0 |   0.0 |       3 |       0 |   0.0
    Abyss:3 |     417 |       0 |   0.0 |       1 |       0 |   0.0
            +---------+---------+-------+---------+---------+-------
